 Dungeon Crawl Stone Soup version 0.21.1-1-g345015f (webtiles) character file.

2520 theoreticism the Fighter (level 9, -1/82 HPs)
             Began as a Hill Orc Fighter on Mar 19, 2018.
             Was an Initiate of Beogh.
             Slain by a crocodile (14 damage)
             ... on level 7 of the Dungeon.
             The game lasted 00:12:08 (6653 turns).

theoreticism the Fighter (Hill Orc Fighter)         Turns: 6653, Time: 00:12:08

Health: -1/82      AC:  8    Str: 22    XL:     9   Next: 54%
Magic:  18/18      EV:  9    Int:  8    God:    Beogh [......]
Gold:   445        SH: 13    Dex: 10    Spells: 8/8 levels left

rFire    . . .     SeeInvis .   t - +9 flail of Wounding {drain, +Inv rC+}
rCold    + . .     Gourm    .   c - +0 shield
rNeg     . . .     Faith    .   v - +3 leather armour "Eczempex" {rPois}
rPois    +         Spirit   .   (no helmet)
rElec    .         Reflect  +   (no cloak)
rCorr    .         Harm     .   (no gloves)
MR       .....                  q - +0 pair of boots
Stlth    +.........             h - +2 amulet of reflection
HPRegen  0.23/turn              B - ring of magical power
MPRegen  0.16/turn              C - ring of flight

@: no status effects
A: no striking features
a: Renounce Religion, Evoke Invisibility, Evoke Flight


You were on level 7 of the Dungeon.
You worshipped Beogh.
Beogh was noncommittal.
You were not hungry.

You visited 2 branches of the dungeon, and saw 9 of its levels.

You collected 445 gold pieces.

Inventory:

Hand Weapons
 a - a +0 war axe
 t - the +9 flail of Wounding (weapon) {drain, +Inv rC+}
   (You found it on level 5 of the Dungeon)

   A truly terrible weapon, it drains the life of those it strikes.
   It protects you from cold.
   It lets you turn invisible.
Armour
 c - a +0 shield (worn)
 j - a +3 ring mail of magic resistance
 q - a +0 pair of boots (worn)
 s - a +0 large shield
 v - the +3 leather armour "Eczempex" (worn) {rPois}
   (You found it on level 6 of the Dungeon)

   It protects you from poison.
Jewellery
 h - a +2 amulet of reflection (around neck)
 B - a ring of magical power (left hand)
 C - a ring of flight (right hand)
 E - a cursed amulet of inaccuracy {unknown}
Wands
 n - a wand of flame (29)
 A - a wand of random effects (29)
 G - a wand of enslavement (5)
Scrolls
 g - 6 scrolls of remove curse
 i - 3 scrolls of magic mapping
 k - 10 scrolls of identify
 l - a scroll of noise
 r - 2 scrolls of enchant armour
 u - a scroll of blinking {unknown}
 w - a scroll of random uselessness
 x - 5 scrolls of fog
 y - a scroll of teleportation {unknown}
 F - a scroll of enchant weapon {unknown}
Potions
 b - 2 potions of heal wounds {unknown}
 d - 3 potions of might
 e - 6 potions of curing
 m - a potion of brilliance {unknown}
 o - 2 potions of mutation {unknown}
 z - 2 potions of flight {unknown}
 H - 2 potions of degeneration {unknown}
Books
 p - a book of Minor Magic

   Spells                             Type                      Level
   a - Magic Dart                     Conjuration                  1
   b - Blink                          Translocation                2
   c - Call Imp                       Summoning                    2
   d - Slow                           Hexes                        2
   e - Conjure Flame                  Conjuration/Fire             3
   f - Mephitic Cloud                 Conjuration/Poison/Air       3
Comestibles
 f - 13 rations


   Skills:
 + Level 8.4 Fighting
 - Level 6.0(7.2) Axes
 + Level 4.8(5.9) Maces & Flails
 + Level 7.8 Armour
 - Level 0.1 Dodging
 + Level 7.5 Shields


You had 8 spell levels left.
You didn't know any spells.

Dungeon Overview and Level Annotations

Branches:
Dungeon (8/15)             Temple (1/1) D:6
   Lair: D:8-11

Altars:
Ashenzari
Cheibriados
Dithmenos
Elyvilon
Fedhas
Hepliaklqana
Kikubaaqudgha
Makhleb
Nemelex Xobeh
Okawaru
Qazlal
Ru
Sif Muna
Trog
Uskayaw
Vehumet
Wu Jian
Xom
Yredelemnul
Zin
The Shining One

Shops:
D:8 *


Message History

As you read the scroll labeled VIVIRAECUDI, it crumbles to dust.
It is a scroll of enchant armour.
Your +2 ring mail of magic resistance glows green for a moment.
The giant cockroach barely misses you. You block the crocodile's attack.
As you read the scroll labeled BUJEDO OHAOBURPH, it crumbles to dust.
You feel aware of your surroundings.
It was a scroll of magic mapping.
You feel sick.
You are no longer poisoned.
You block the giant cockroach's attack.
The hound stops to sniff the ground.
You block the crocodile's attack.
As you read the scroll labeled HAORHU WAAG, it crumbles to dust.
You hear a loud clanging noise!
It was a scroll of noise.
The giant cockroach barely misses you. The crocodile closely misses you.
As you read the scroll labeled RUDDER DIROWA, it crumbles to dust.
You hear a very strange noise.
It was a scroll of random uselessness.
The giant cockroach barely misses you. The crocodile bites you!
You die...

####.###### #.#..#
#..# #.........#
#.#..######### #..#
..#..####.#
#.......)....####..#
.....# #.#
###...##)).........#
###### ###
##...#.###.####.##
##### ##(....# #.#
#.# #...###§h§§..#
#.# #.#
####..)#..#st§###
#.####.#
#.##÷÷..###@#.#
#......#
#.#######*###.#
#.###### # #.#
*,*#.# #.# # #.#
***#.# #.# # #.# #.#
##.# #
#.###########.# #..#
# #.##..........#
#..# #
#.##.########## #..#
######.##.#
#######..#


You could see a crocodile, a hound and a giant cockroach.

Vanquished Creatures
  Joseph (D:7)
  The ghost of hawkwood the Firebug, an amateur DEFE (D:4)
  Eustachio (D:5)
  A hungry ghost (D:8)
  An ice beast (D:5)
  3 ogres
  A phantom (D:5)
  A black bear (D:7)
  6 bullfrogs
  2 scorpions (D:6)
  A howler monkey (D:4)
  A centaur zombie (D:8)
  A hound (D:5)
  A bullfrog zombie (D:6)
  A jelly (D:7)
  A centaur skeleton (D:6)
  An orc priest (D:3)
  A bullfrog skeleton (D:4)
  An iguana (D:7)
  Ijyb (D:5)
  2 orc wizards
  7 worker ants
  2 worker ant zombies (D:7)
  6 gnolls
  5 adders
  3 shadow imps
  An ooze (D:5)
  A dart slug (D:1)
  4 leopard geckos
  19 orcs
  2 ball pythons
  4 giant cockroaches
  5 goblins
  7 hobgoblins
  10 jackals
  4 quokkas
  5 bats
  3 frilled lizards
  7 kobolds
  14 rats
139 creatures vanquished.

Vanquished Creatures (others)
  An orc wizard (D:3)
1 creature vanquished.

Grand Total: 140 creatures vanquished

Notes
Turn   | Place    | Note
-------+----------+-------------------------------------------
     0 | D:1      | theoreticism the Hill Orc Fighter began the quest for the Orb.
     0 | D:1      | Reached XP level 1. HP: 19/19 MP: 1/1
   173 | D:1      | Reached skill level 4 in Fighting
   173 | D:1      | Reached XP level 2. HP: 27/27 MP: 2/2
   715 | D:2      | Reached XP level 3. HP: 33/33 MP: 3/3
   887 | D:2      | Found a snail-covered altar of Cheibriados.
   898 | D:2      | Found a white marble altar of Elyvilon.
  1211 | D:1      | Reached XP level 4. HP: 17/41 MP: 4/4
  1750 | D:2      | Found a shadowy altar of Dithmenos.
  1891 | D:2      | Found a deep blue altar of Sif Muna.
  1997 | D:3      | Reached XP level 5. HP: 28/47 MP: 5/5
  2623 | D:3      | Reached skill level 5 in Fighting
  2782 | D:4      | Reached XP level 6. HP: 56/56 MP: 6/6
  2852 | D:4      | Noticed hawkwood's ghost (amateur DEFE)
  2882 | D:4      | Killed hawkwood's ghost
  2882 | D:4      | Reached skill level 5 in Axes
  2882 | D:4      | Reached skill level 5 in Armour
  2882 | D:4      | Reached XP level 7. HP: 37/62 MP: 7/7
  3066 | D:4      | Reached skill level 5 in Shields
  3372 | D:4      | Found a stormy altar of Qazlal.
  3909 | D:5      | Entered Level 5 of the Dungeon
  3948 | D:5      | Reached skill level 6 in Fighting
  4188 | D:5      | Got a crude flail
  4189 | D:5      | Identified the +9 flail of Wounding {drain, +Inv rC+} (You found it on level 5 of the Dungeon)
  4298 | D:5      | Reached skill level 1 in Maces & Flails
  4298 | D:5      | Reached XP level 8. HP: 59/71 MP: 8/8
  4356 | D:5      | Found a sparkling altar of Nemelex Xobeh.
  4445 | D:5      | Noticed Eustachio
  4453 | D:5      | Killed Eustachio
  4515 | D:5      | Found a hide-covered altar of Uskayaw.
  4525 | D:5      | Noticed Ijyb
  4534 | D:5      | Killed Ijyb
  4691 | D:6      | Reached skill level 7 in Fighting
  4979 | D:6      | Found a staircase to the Ecumenical Temple.
  4994 | Temple   | Entered the Ecumenical Temple
  5300 | D:6      | Found a radiant altar of Vehumet.
  5305 | D:6      | Got a crude leather armour
  5318 | D:6      | Identified the +3 leather armour "Eczempex" {rPois} (You found it on level 6 of the Dungeon)
  5348 | D:6      | Found a bloodstained altar of Trog.
  5768 | D:7      | Noticed Joseph
  5784 | D:7      | Killed Joseph
  5784 | D:7      | Reached XP level 9. HP: 37/81 MP: 9/9
  5998 | D:7      | Became a worshipper of Beogh the Brigand
  6001 | D:7      | Reached skill level 8 in Fighting
  6034 | D:7      | Found a hazy altar of Hepliaklqana.
  6143 | D:7      | Found an ancient bone altar of Kikubaaqudgha.
  6359 | D:7      | Found a shimmering altar of Xom.
  6619 | D:8      | Found Kyeshraocs's Assorted Antiques.
  6653 | D:7      | Slain by a crocodile

Skill      XL: |  1  2  3  4  5  6  7  8  9 |
---------------+----------------------------+-----
Fighting       | 4 5 6 7 8 |  8.4
Axes           | 3 4 5 6 |  6.0
Armour         | 4 5 6 7 |  7.8
Shields        | 4 5 7 |  7.5
Maces & Flails | 1 4 |  4.8
Dodging        | |  0.1

Action                   |  1- 3 |  4- 6 |  7- 9 || total
-------------------------+-------+-------+-------++-------
Melee: War axe           |   110 |   167 |    95 ||   372
       Flail             |       |       |   150 ||   150
Invok: Convert to Beogh  |       |       |     1 ||     1
  Use: Scroll            |       |     1 |     6 ||     7
       Potion            |       |       |     1 ||     1
  Eat: Chunk             |       |     7 |     8 ||    15
       Ration            |       |       |     2 ||     2
Armor: Scale mail        |     7 |       |       ||     7
       Ring mail         |    31 |    62 |    66 ||   159
       Leather armour    |       |       |    27 ||    27
Dodge: Dodged            |    40 |    58 |    86 ||   184
Block: Shield            |    82 |   115 |   173 ||   370
       Reflection        |       |     1 |     3 ||     4
